AoeStats
← NuMa | Gacha

Arabia

504341135Analyzed
2v2 RM · 29d ago on Sep 4, 2026· 40m 58s· 4 players
Game mode
Random Map
Map size
Medium (4 player)
Population
200
Speed
Normal
Resources
Standard
Victory
Conquest
Starting age
Dark Age
Ending age
Imperial Age
RankedLock teamsTeams togetherTeam positionsShared explorationLock speedFull tech treeHidden civsTurbo modeCheats
Victory
Defeat
🇨🇦 Berbers · Canada
1112
+14
🇨🇴 Vietnamese · Colombia
1070
+16
🇬🇧 Wei · United Kingdom
1095
-16
🇬🇧 Mongols · United Kingdom
1041
-14
216 Raz0r
10:13 Feudal Age
8:33 Loom
10:18 Feudal Age
16:23 Castle Age
15:13 Double-Bit Axe
17:40 Wheelbarrow
17:12 Fletching
21:09 Bow Saw
21:31 Bodkin Arrow
22:25 Padded Archer Armor
25:25 Bloodlines
25:18 Husbandry
25:14 Stone Mining
26:41 Thumb Ring
27:26 Horse Collar
30:46 Town Watch
31:18 Hand Cart
31:05 Gold Mining
31:50 Stone Shaft Mining
32:02 Town Watch
35:05 Leather Archer Armor
KamiSazi
5:52 Loom
9:48 Feudal Age
10:28 Gold Mining
10:57 Double-Bit Axe
11:29 Horse Collar
15:26 Scale Barding Armor
16:29 Stone Mining
21:44 Castle Age
20:47 Bloodlines
21:37 Forging
23:47 Wheelbarrow
23:30 Bow Saw
26:11 Husbandry
26:32 Hand Cart
26:36 Town Watch
31:53 Chain Barding Armor
32:09 Iron Casting
31:26 Fletching
35:14 Thumb Ring
NuMa | Gacha
7:36 Loom
10:01 Feudal Age
10:37 Double-Bit Axe
16:50 Wheelbarrow
16:10 Fletching
16:54 Padded Archer Armor
23:57 Castle Age
22:45 Horse Collar
22:58 Gold Mining
24:07 Crossbowman
26:59 Hand Cart
27:55 Thumb Ring
28:11 Stone Mining
31:26 Bow Saw
33:22 Stone Shaft Mining
32:44 Bodkin Arrow
33:05 Leather Archer Armor
33:02 Forging
35:39 Squires
36:39 Scale Mail Armor
40:26 Imperial Age
39:16 Ballistics
39:48 Chain Mail Armor
40:47 Iron Casting
40:50 Elite Fire Lancer
Burgoman2
7:58 Loom
10:15 Feudal Age
10:52 Double-Bit Axe
10:49 Horse Collar
18:19 Gold Mining
21:38 Castle Age
20:24 Scale Barding Armor
21:00 Bloodlines
21:31 Forging
23:11 Chain Barding Armor
23:58 Husbandry
27:58 Iron Casting
28:35 Fletching
29:30 Devotion
41:05 Wheelbarrow
40:16 Town Watch
Connection lost

Rejoining the realm…

Still unreachable

The connection could not be restored.

Session expired

The server has moved on; the page needs a fresh start.